General information
- name: BNet
- type: Ladder team game (AT/RT)
- host: Battle.net
- saver: Anthropophagy
map: MarketSquare
- players: 8
- length: 18:11
- speed: Fast
- version: 1.26 W3XP
- replay type: Public
» download(89 KB)
Players
team 1 (winner)
Sokiem (
red | 39 APM | 711 actions | 18:09)
6 Archmage
3 Summon Water Elemental
2 Brilliance Aura
1 Mass Teleport
5 Mountain King
3 Storm Bolt
2 Bash
» actions
| Assign group hotkey | 28 | |
| Basic commands | 45 | |
| Build / train | 72 | |
| Enter build submenu | 18 | |
| Enter hero's abilities submenu | 11 | |
| Give item / drop item | 3 | |
| Right click | 137 | |
| Select / deselect | 222 | |
| Select group hotkey | 119 | |
| Use ability | 56 | |
711 total
» units
| Peasant | 17 | |
| Footman | 5 | |
| Rifleman | 5 | |
| Priest | 3 | |
| Sorceress | 4 | |
| Mortar Team | 6 | |
| Knight | 4 | |
44 total
» upgrades
| Armor | 1 | |
| Gunpowder | 1 | |
| Lumber Harvesting | 1 | |
| Long Rifles | 1 | |
| Fragmentation Shards | 1 | |
| Animal War Training | 1 | |
| Flare | 1 | |
| Sorceress Training | 1 | |
| Priest Training | 1 | |
| Plating | 1 | |
| Swords | 1 | |
11 total
» buildings
| Altar of Kings | 1 | |
| Barracks | 2 | |
| Farm | 16 | |
| Lumber Mill | 1 | |
| Keep | 1 | |
| Arcane Vault | 1 | |
| Blacksmith | 1 | |
| Town Hall | 1 | |
| Arcane Sanctum | 2 | |
| Workshop | 2 | |
| Castle | 1 | |
29 total
» build order
00:21 Altar of Kings
00:37 Barracks
00:52 Farm
01:06 Farm
01:23 Lumber Mill
01:51 Farm
02:02 Farm
03:39 Keep
03:42 Arcane Vault
03:51 Blacksmith
05:34 Town Hall
06:40 Barracks
06:45 Arcane Sanctum
06:55 Arcane Sanctum
06:58 Workshop
07:04 Workshop
07:49 Farm
07:49 Farm
07:50 Farm
07:51 Farm
07:51 Farm
07:52 Farm
07:52 Farm
07:54 Farm
07:54 Farm
09:19 Farm
09:19 Farm
09:19 Farm
09:52 Castle
» items
| Boots of Speed | 1 | |
| Scroll of Healing | 1 | |
2 total
Anthropophagy (
green | 48 APM | 868 actions | 18:11)
5 Blood Mage
3 Flame Strike
2 Siphon Mana
» actions
| Assign group hotkey | 17 | |
| Basic commands | 36 | |
| Build / train | 65 | |
| Enter build submenu | 34 | |
| Enter hero's abilities submenu | 5 | |
| Give item / drop item | 2 | |
| Remove unit from queue | 1 | |
| Right click | 299 | |
| Select / deselect | 264 | |
| Select group hotkey | 78 | |
| Use ability | 67 | |
868 total
» units
| Peasant | 16 | |
| Footman | 4 | |
| Sorceress | 2 | |
| Gryphon Rider | 6 | |
28 total
» upgrades
| Lumber Harvesting | 2 | |
| Magic Sentry | 1 | |
| Masonry | 1 | |
| Sorceress Training | 1 | |
| Swords | 2 | |
| Armor | 1 | |
| Animal War Training | 1 | |
| Storm Hammers | 2 | |
11 total
» buildings
| Farm | 6 | |
| Altar of Kings | 1 | |
| Barracks | 1 | |
| Arcane Vault | 1 | |
| Keep | 1 | |
| Lumber Mill | 1 | |
| Town Hall | 2 | |
| Scout Tower | 11 | |
| Arcane Sanctum | 1 | |
| Arcane Tower | 3 | |
| Guard Tower | 4 | |
| Castle | 1 | |
| Blacksmith | 2 | |
| Gryphon Aviary | 8 | |
| Black Citadel | | |
43 total
» build order
00:52 Farm
00:57 Altar of Kings
00:59 Barracks
01:08 Farm
01:10 Farm
01:52 Arcane Vault
03:23 Keep
04:00 Lumber Mill
04:46 Town Hall
04:49 Scout Tower
04:49 Scout Tower
04:50 Scout Tower
04:50 Scout Tower
05:13 Scout Tower
05:17 Scout Tower
05:17 Scout Tower
06:01 Arcane Sanctum
06:03 Arcane Tower
06:06 Guard Tower
07:18 Guard Tower
07:21 Guard Tower
08:08 Scout Tower
08:09 Scout Tower
08:20 Castle
09:38 Arcane Tower
09:51 Blacksmith
09:52 Blacksmith
10:15 Scout Tower
10:15 Scout Tower
11:01 Arcane Tower
11:08 Guard Tower
12:04 Gryphon Aviary
12:04 Gryphon Aviary
12:05 Gryphon Aviary
12:05 Gryphon Aviary
12:08 Gryphon Aviary
12:09 Gryphon Aviary
12:10 Gryphon Aviary
12:12 Gryphon Aviary
12:32 Town Hall
13:38 Farm
13:39 Farm
13:43 Farm
» items
| Scroll of Regeneration | 2 | |
| Periapt of Vitality | 1 | |
| Staff of Teleportation | 1 | |
| Potion of Invisibility | 3 | |
| Potion of Lesser Invulnerability | 1 | |
| Potion of Healing | 1 | |
| Lesser Clarity Potion | 1 | |
| Scroll of Town Portal | 1 | |
11 total
ziggy1983 (
purple | 47 APM | 846 actions | 18:09)
5 Archmage
3 Blizzard
2 Brilliance Aura
» actions
| Assign group hotkey | 5 | |
| Basic commands | 1 | |
| Build / train | 74 | |
| ESC pressed | 1 | |
| Enter build submenu | 20 | |
| Enter hero's abilities submenu | 5 | |
| Remove unit from queue | 4 | |
| Right click | 493 | |
| Select / deselect | 191 | |
| Select group hotkey | 1 | |
| Use ability | 51 | |
846 total
» units
| Peasant | 18 | |
| Footman | 15 | |
| Priest | 4 | |
| Knight | 4 | |
41 total
» upgrades
| Defend | 1 | |
| Swords | 2 | |
| Armor | 1 | |
| Lumber Harvesting | 2 | |
| Masonry | 1 | |
| Plating | 2 | |
| Gunpowder | 0 | |
| Priest Training | 2 | |
| Animal War Training | 1 | |
12 total
» buildings
| Altar of Kings | 1 | |
| Farm | 12 | |
| Barracks | 2 | |
| Lumber Mill | 1 | |
| Arcane Vault | 1 | |
| Keep | 1 | |
| Scout Tower | 9 | |
| Guard Tower | 4 | |
| Blacksmith | 2 | |
| Arcane Sanctum | 1 | |
| Town Hall | 1 | |
| Castle | 1 | |
36 total
» build order
00:21 Altar of Kings
00:37 Farm
00:38 Farm
00:51 Barracks
01:10 Lumber Mill
02:15 Barracks
02:19 Farm
02:20 Farm
03:05 Arcane Vault
03:20 Farm
05:59 Keep
06:04 Scout Tower
06:05 Scout Tower
07:14 Guard Tower
08:07 Blacksmith
08:19 Blacksmith
08:26 Arcane Sanctum
09:12 Scout Tower
09:13 Scout Tower
09:16 Scout Tower
09:43 Guard Tower
10:32 Town Hall
10:42 Castle
11:17 Guard Tower
12:03 Scout Tower
12:03 Scout Tower
12:04 Scout Tower
12:04 Scout Tower
14:50 Farm
14:51 Farm
14:51 Farm
14:52 Farm
14:54 Farm
14:55 Farm
14:56 Farm
15:16 Guard Tower
» items
| Scroll of Regeneration | 1 | |
| Lesser Clarity Potion | 1 | |
| Scroll of Healing | 1 | |
| Potion of Lesser Invulnerability | 1 | |
4 total

»
nuDebee (
yellow | 67 APM | 1159 actions | 17:21)
2 Death Knight
1 Death Coil
1 Unholy Aura
1 Dreadlord
1 Sleep
» actions
| Assign group hotkey | 44 | |
| Basic commands | 12 | |
| Build / train | 177 | |
| ESC pressed | 1 | |
| Enter build submenu | 26 | |
| Enter hero's abilities submenu | 3 | |
| Give item / drop item | 2 | |
| Right click | 322 | |
| Select / deselect | 246 | |
| Select group hotkey | 227 | |
| Use ability | 99 | |
1159 total
» units
| Acolyte | 28 | |
| Ghoul | 25 | |
| Necromancer | 15 | |
| Crypt Fiend | 19 | |
87 total
» upgrades
| Unholy Armor | 1 | |
| Skeletal Longevity | 1 | |
| Necromancer Training | 1 | |
| Unholy Strength | 1 | |
| Web | 1 | |
5 total
» buildings
| Altar of Darkness | 1 | |
| Ziggurat | 7 | |
| Crypt | 2 | |
| Tomb of Relics | 1 | |
| Nerubian Tower | 1 | |
| Graveyard | 1 | |
| Necropolis | 3 | |
| Halls of the Dead | 7 | |
| Spirit Tower | 12 | |
| Temple of the Damned | 3 | |
| Black Citadel | 7 | |
45 total
» build order
00:11 Altar of Darkness
00:13 Ziggurat
00:34 Crypt
01:06 Tomb of Relics
02:31 Nerubian Tower
04:10 Graveyard
04:24 Necropolis
04:45 Ziggurat
05:15 Crypt
05:18 Ziggurat
05:45 Ziggurat
06:32 Halls of the Dead
06:32 Halls of the Dead
06:32 Halls of the Dead
06:33 Halls of the Dead
06:55 Spirit Tower
06:55 Spirit Tower
06:55 Spirit Tower
07:02 Ziggurat
07:43 Spirit Tower
07:49 Ziggurat
07:54 Ziggurat
09:24 Spirit Tower
09:24 Spirit Tower
09:59 Spirit Tower
10:13 Temple of the Damned
10:21 Temple of the Damned
10:29 Necropolis
11:05 Temple of the Damned
12:31 Necropolis
16:37 Black Citadel
16:37 Black Citadel
16:37 Black Citadel
16:38 Black Citadel
» items
| Rod of Necromancy | 11 | |
| Dust of Appearance | 4 | |
| Sacrificial Skull | 2 | |
| Scroll of Town Portal | 8 | |
| Potion of Healing | 4 | |
29 total
team 2 (loser)
KODOS_FORSAKEN (
blue | 14 APM | 246 actions | 18:09)
1 Blademaster
1 Wind Walk
» actions
| Build / train | 9 | |
| Enter build submenu | 5 | |
| Enter hero's abilities submenu | 1 | |
| Right click | 112 | |
| Select / deselect | 101 | |
| Use ability | 18 | |
246 total
» units
» buildings
| Altar of Storms | 1 | |
| Orc Burrow | 3 | |
4 total
» build order
00:11 Altar of Storms
00:14 Orc Burrow
00:41 Orc Burrow
02:32 Orc Burrow

»
train_dis_human (
teal | 44 APM | 397 actions | 08:56)
3 Death Knight
1 Death Coil
2 Unholy Aura
» actions
| Build / train | 24 | |
| Enter build submenu | 12 | |
| Enter hero's abilities submenu | 3 | |
| Right click | 218 | |
| Select / deselect | 119 | |
| Use ability | 21 | |
397 total
» units
| Acolyte | 4 | |
| Ghoul | 5 | |
| Crypt Fiend | 4 | |
13 total
» upgrades
» buildings
| Ziggurat | 6 | |
| Crypt | 1 | |
| Altar of Darkness | 1 | |
| Graveyard | 1 | |
| Tomb of Relics | 1 | |
| Nerubian Tower | 2 | |
| Halls of the Dead | 1 | |
| Spirit Tower | 1 | |
| Black Citadel | 1 | |
| Sacrificial Pit | 1 | |
16 total
» build order
00:25 Ziggurat
00:30 Crypt
00:41 Altar of Darkness
01:15 Ziggurat
01:33 Graveyard
02:17 Tomb of Relics
02:47 Nerubian Tower
04:10 Halls of the Dead
05:22 Ziggurat
05:25 Ziggurat
05:58 Ziggurat
06:07 Spirit Tower
06:25 Nerubian Tower
07:50 Black Citadel
07:52 Sacrificial Pit
08:25 Ziggurat
» items

»
GeT_Crunk (
pink | 52 APM | 465 actions | 08:51)
2 Demon Hunter
1 Mana Burn
1 Evasion
2 Beastmaster
1 Summon Quilbeast
1 Summon Hawk
» actions
| Assign group hotkey | 7 | |
| Basic commands | 7 | |
| Build / train | 26 | |
| Enter build submenu | 9 | |
| Enter hero's abilities submenu | 4 | |
| Right click | 184 | |
| Select / deselect | 74 | |
| Select group hotkey | 128 | |
| Use ability | 26 | |
465 total
» units
| Wisp | 13 | |
| Druid of the Talon | 2 | |
| Hippogryph | 2 | |
17 total
» upgrades
| Druid of the Talon Training | 1 | |
1 total
» buildings
| Moon Well | 4 | |
| Altar of Elders | 1 | |
| Ancient of War | 1 | |
| Tree of Ages | 1 | |
| Hunter's Hall | 1 | |
| Ancient of Wind | 3 | |
| Tree of Eternity | 1 | |
12 total
» build order
00:42 Moon Well
00:54 Altar of Elders
01:08 Moon Well
01:32 Ancient of War
02:10 Moon Well
02:21 Moon Well
03:17 Tree of Ages
03:57 Hunter's Hall
05:39 Ancient of Wind
05:40 Ancient of Wind
05:43 Ancient of Wind
06:52 Tree of Eternity

»
Fugiking (
orange | 16 APM | 237 actions | 14:33)
2 Death Knight
1 Death Coil
1 Unholy Aura
» actions
| Basic commands | 4 | |
| Build / train | 48 | |
| Enter build submenu | 11 | |
| Enter hero's abilities submenu | 2 | |
| Remove unit from queue | 6 | |
| Right click | 68 | |
| Select / deselect | 81 | |
| Use ability | 16 | |
237 total
» units
| Acolyte | 3 | |
| Ghoul | 23 | |
| Hippogryph | 8 | |
34 total
» upgrades
» buildings
| Ziggurat | 4 | |
| Altar of Darkness | 1 | |
| Crypt | 1 | |
| Graveyard | 1 | |
| Tomb of Relics | 1 | |
| Nerubian Tower | 2 | |
| Halls of the Dead | 1 | |
| Black Citadel | 1 | |
| Temple of the Damned | 1 | |
13 total
» build order
01:17 Ziggurat
01:27 Altar of Darkness
02:13 Crypt
02:23 Ziggurat
02:41 Graveyard
03:17 Tomb of Relics
03:29 Ziggurat
06:01 Nerubian Tower
06:03 Nerubian Tower
07:05 Halls of the Dead
11:14 Black Citadel
11:31 Ziggurat
12:53 Temple of the Damned
Chat log
(00:09 / Allies) Sokiem: hey
(00:28 / Allies) nuDebee: all
(00:36 / Allies) Anthropophagy: just cc
(00:40 / Allies) nuDebee: i go alone right
(00:43 / Allies) ziggy1983: OK I WILL RUSH
(00:44 / Allies) ziggy1983: WITH YOU
(02:17 / Allies) Anthropophagy: use your dk
(03:46 / Allies) ziggy1983: ATTAK
(03:51 / Allies) nuDebee: go red
(09:03 / All) Anthropophagy: KODOS #2
(09:08 / All) Anthropophagy: FARSANKY #!
(09:10 / All) Anthropophagy: #1
(12:07 / Allies) nuDebee: gold pl
(12:17 / Allies) Anthropophagy: lumber
(13:17 / Allies) Anthropophagy: lumber?
(14:02 / 4) Anthropophagy: mass towers
(14:07 / All) Anthropophagy: And you shall eat the fruit of your womb, the flesh of your sons and daughters, whom the Lord your God has given you
(14:21 / All) Anthropophagy: You will eat the flesh of your sons, and you willl eat the flesh of your daughters
(15:07 / 4) Anthropophagy: mass twoers on the ne
(15:20 / 4) Anthropophagy: It's your sycophants friend
(17:51 / Allies) Sokiem: wtf